 Dungeon Crawl Stone Soup version 0.25.1-2-g60ff931df9 (webtiles) character file.

Game seed: 7716060400859047621

72 Goaboa the Skirmisher (level 4, 0/41 HPs)
             Began as a Hill Orc Fighter on Oct 19, 2020.
             Was an Initiate of Beogh.
             Slain by an orc warrior
             ... wielding a +0 trident
              (9 damage)
             ... on level 3 of the Dungeon.
             The game lasted 00:07:50 (2062 turns).

Goaboa the Skirmisher (Hill Orc Fighter)            Turns: 2062, Time: 00:07:51

Health: 0/41       AC:  7    Str: 19    XL:     4   Next: 26%
Magic:  0/4        EV:  7    Int:  8    God:    Beogh [......]
Gold:   100        SH:  9    Dex: 10    Spells: 3/3 levels left

rFire    . . .     SeeInvis .   a - +0 war axe
rCold    . . .     Gourm    .   c - +0 kite shield
rNeg     . . .     Faith    .   b - +0 scale mail
rPois    .         Spirit   +   (no helmet)
rElec    .         Reflect  .   (no cloak)
rCorr    +         Harm     .   (no gloves)
MR       .....                  (no boots)
Stlth    ..........             m - amulet of guardian spirit
HPRegen  0.13/turn              p - ring of resist corrosion
MPRegen  0.09/turn              (no ring)

@: no status effects
A: no striking features
a: Renounce Religion


You were on level 3 of the Dungeon.
You worshipped Beogh.
Beogh was noncommittal.
You were not hungry.

You visited 1 branch of the dungeon, and saw 3 of its levels.

You collected 100 gold pieces.

Inventory:

Hand Weapons
 a - a +0 war axe (weapon)
Armour
 b - a +0 scale mail (worn)
 c - a +0 kite shield (worn)
Jewellery
 m - an amulet of guardian spirit (around neck)
 o - an uncursed amulet of reflection
 p - a ring of resist corrosion (left hand)
Scrolls
 e - 3 scrolls of blinking {unknown}
 g - 2 scrolls of identify {unknown}
 i - 3 scrolls of amnesia {unknown}
 j - a scroll of fear {unknown}
 k - a scroll of remove curse {unknown}
 l - 2 scrolls of teleportation {unknown}
 n - a scroll of noise {unknown}
 r - a scroll of enchant weapon {unknown}
Potions
 d - a potion of might
 h - a potion of flight {unknown}
Comestibles
 f - 3 rations
 q - a chunk of flesh


   Skills:
 + Level 4.3 Fighting
 + Level 3.6 Axes
 + Level 4.0 Armour
 + Level 3.9 Shields
 + Level 0.0 Invocations


You had 3 spell levels left.
You didn't know any spells.
Your spell library was empty.

Dungeon Overview and Level Annotations

Branches:
Dungeon (3/15)

Altars:
Fedhas
Kikubaaqudgha
Wu Jian


Message History

The orc warrior hits you from afar with a +0 trident!
The orc priest barely misses the orc warrior.
The orc wizard shouts!
You hit the orc.
The orc is heavily wounded.
The orc hits you but does no damage.
An orc wizard comes into view. It is wielding a +0 dagger.
The orc warrior hits you but does no damage.
The orc priest hits the orc warrior but does no damage.
You block the orc's attack.
The orc wizard shouts!
You hit the orc.
The orc is almost dead.
The orc warrior hits you from afar with a +0 trident!
* * * LOW HITPOINT WARNING * * *
The orc closely misses you.
The orc priest barely misses the orc warrior.
The orc warrior hits you from afar with a +0 trident!
You die...
Beogh appreciates the orc warrior's killing of a heretic priest.

.. .# ..#.# ##.#.##
...(( #...#########
...........##
###.########..#.........
....o.oo@o.<..#.........
...o#######.#.#)........
. .o.o...%..#..######+##
###########.......#
#...###.# ##..# ...>..
.###.### # #..


You could see an orc warrior, 2 orc wizards, an orc and a neutral orc priest
(wandering).

Vanquished Creatures
  3 adders (D:2)
  An ooze (D:2)
  A worm (D:2)
  A dart slug (D:1)
  2 leopard geckos (D:1)
  An orc (D:3)
  2 bats (D:1)
  2 giant cockroaches (D:2)
  5 goblins (D:2)
  3 hobgoblins
  3 frilled lizards
  7 kobolds
  2 rats (D:2)
33 creatures vanquished.

Notes
Turn   | Place    | Note
-------+----------+-------------------------------------------
     0 | D:1      | Goaboa the Hill Orc Fighter began the quest for the Orb.
     0 | D:1      | Reached XP level 1. HP: 19/19 MP: 1/1
   352 | D:1      | Reached XP level 2. HP: 26/27 MP: 2/2
  1075 | D:2      | Reached XP level 3. HP: 29/33 MP: 3/3
  1124 | D:2      | Found an ornate altar of the Wu Jian Council.
  1487 | D:2      | Found a blossoming altar of Fedhas.
  1500 | D:2      | Reached XP level 4. HP: 30/40 MP: 4/4
  1810 | D:2      | Found an ancient bone altar of Kikubaaqudgha.
  2053 | D:3      | Became a worshipper of Beogh the Brigand
  2055 | D:3      | Noticed an orc warrior
  2062 | D:3      | Slain by an orc warrior

Illustrated notes

Levels and vault maps discovered:
D:1:      lightli_iron_boxes, layout_loops_corners, minmay_misc_feat_hallway,
          minmay_misc_feat_square
D:2:      layout_loops_ring, nicolae_overflow_crystal_walls, marbit_many_paths,
          fedhas_altar_2
D:3:      layout_basic, first_ration, tso_metal_star

Skill      XL: |  1  2  3  4 |
---------------+-------------+-----
Axes           | 3 |  3.6
Fighting       | 4 |  4.3
Armour         | 4 |  4.0
Shields        | |  3.9

Action                   |  1- 3 |  4- 6 || total
-------------------------+-------+-------++-------
Melee: War axe           |    84 |    25 ||   109
Invok: Convert to Beogh  |       |     1 ||     1
  Eat: Chunk             |     2 |     2 ||     4
Armor: Scale mail        |    35 |    12 ||    47
Dodge: Dodged            |    26 |     2 ||    28
Block: Kite shield       |    36 |    14 ||    50
